 Dungeon Crawl Stone Soup version 0.30-a0-937-ga0a21ad780 (webtiles) character file.

Game seed: 8767908373772424158

67 Iniera the Ruffian (level 4, -1/31 HPs)
             Began as an Octopode Fighter on Mar 25, 2023.
             Slain by an orc wizard
             ... wielding a +0 dagger
              (3 damage)
             ... on level 2 of the Dungeon.
             The game lasted 00:02:25 (1595 turns).

Iniera the Ruffian (Octopode Fighter)               Turns: 1595, Time: 00:02:25

Health: -1/31      AC:  1    Str: 17    XL:     4   Next: 16%
Magic:  4/4        EV: 13    Int: 10    God:
Gold:   137        SH:  4    Dex: 11    Spells: 3/3 levels left

rFire   . . .      SeeInvis .      - Unarmed
rCold   . . .      Faith    .    a - +0 buckler
rNeg    . . .      Spirit   .    (helmet restricted)
rPois   .          Reflect  .    (no amulet)
rElec   .          Rampage  .    (no ring)
rCorr   .                        (no ring)
Will    .....                    (no ring)
Stlth   ++                       (no ring)
HPRegen 0.25/turn                (no ring)
MPRegen 0.09/turn                (no ring)
                                 (no ring)
                                 (no ring)

@: no status effects
A: almost no armour, amphibious, 8 rings, camouflage 1, gelatinous body 1,
(nimble swimmer 1), tentacles
a: no special abilities


You were on level 2 of the Dungeon.
You visited 1 branch of the dungeon, and saw 3 of its levels.

You collected 137 gold pieces.

Inventory:

Armour
 a - a +0 buckler (worn)
Scrolls
 d - a scroll of silence {unknown}
 e - a scroll of identify
 f - a scroll of teleportation {unknown}
 i - a scroll of fear {unknown}
 k - a scroll of enchant weapon {unknown}
 l - a scroll of poison {unknown}
Potions
 b - a potion of might
 c - a potion of magic
 g - a potion of cancellation
 h - a potion of mutation


   Skills:
 - Level 3.0 Fighting
 - Level 3.0 Dodging
 - Level 3.0 Shields
 * Level 4.3 Unarmed Combat


You had 3 spell levels left.
You didn't know any spells.
Your spell library contained the following spells:

 Spells                   Type           Power      Damage    Failure   Level
 Summon Forest            Summ/Tloc      0%         N/A       100%        5
 Eringya's Noxious Bog    Tmut/Pois      0%         N/A       100%        6
 Summon Hydra             Summ           0%         N/A       100%        7


Dungeon Overview and Level Annotations

Branches:
Dungeon (3/15)

Altars:
Dithmenos
Okawaru
Xom
Yredelemnul


Innate Abilities, Weirdness & Mutations

You cannot wear most types of armour.
You are amphibious.
You can wear up to eight rings at the same time.
Your skin changes colour to match your surroundings (Stealth+).
Your rubbery body absorbs attacks. (AC +1, EV +1)
((You are camouflaged when in or above water. (Stealth+)))
You have tentacles for arms and can constrict up to eight enemies at once.


Message History

You release your grip on the orc.
Something hits you. The orc hits you with a +0 short sword.
You climb upwards.
Reactivating autopickup.
There is a stone staircase leading down here.
You tentacle-slap the orc. You grab the orc. You squeeze the orc.
You kill the orc!
You hear some strange, mumbled words.
Deactivating autopickup; reactivate with Ctrl-A.
You are confused.
You are too confused!
Something hits you. Something hits you. Something hits you.
You feel less confused.
You hear some strange, mumbled words.
A puff of flame appears from out of thin air!
The puff of flame hits you!
There is a stone staircase leading down here.
You miss something. You block something's attack.
You tentacle-slap something but do no damage.
Your squeeze misses something.
You hear some strange, mumbled words.
A puff of flame appears from out of thin air!
The puff of flame hits you.
* * * LOW HITPOINT WARNING * * *
You barely miss something. You tentacle-slap something. Something hits you.
* * * LOW HITPOINT WARNING * * *
You closely miss something. Your squeeze misses something. Something hits you.
* * * LOW HITPOINT WARNING * * *
Okay, then.
You tentacle-slap something but do no damage.
Your squeeze misses something. Something hits you but does no damage.
You tentacle-slap something. Your squeeze misses something. Something hits you.
* * * LOW HITPOINT WARNING * * *
You miss something. Your squeeze misses something. You closely miss something.
Your squeeze misses something. Something hits you.
* * * LOW HITPOINT WARNING * * *
You closely miss something. Something hits you.
You die...

(.## ##.#.#####.#####.. ##.##
##.#######.###.#. ##.# #.#
#........... #.# ####.#
#.###.##.#.. ##.# #....###.#
#.##.#.. ##.## ######........#
#.##.#.. ..รท# #........###..#
#.##.#.. .#.#
#.#....{......###.##.#.( ...#
#.#....@................ ...#
#.#....)....).###..#.#.# ...#
#.####...###..###..#.#.# ...#####
#.# #...###...........# #.)....#
#.# #...#..............
##.###.###.########.#..###.....##
#.# #.#.......# #.#..# #.......
##.###.#.#####.# #.#..###.....##
.....#.#.# #.####.#............


There were no monsters in sight!

Vanquished Creatures
  2 adders
  5 orcs
  6 ball pythons
  7 bats
  2 endoplasms (D:1)
  2 hobgoblins
  2 quokkas (D:2)
  3 frilled lizards
  3 goblins
  5 kobolds
  6 rats
43 creatures vanquished.

Notes
Turn   | Place    | Note
-------+----------+-------------------------------------------
     0 | D:1      | Iniera the Octopode Fighter began the quest for the Orb.
     0 | D:1      | Reached XP level 1. HP: 16/16 MP: 1/1
    73 | D:1      | Reached XP level 2. HP: 21/21 MP: 2/2
   283 | D:1      | You fall into a shaft and drop 1 floor!
   292 | D:2      | Reached skill level 3 in Unarmed Combat
   392 | D:2      | Reached XP level 3. HP: 19/26 MP: 3/3
   600 | D:2      | Found an iron altar of Okawaru.
  1195 | D:3      | Reached skill level 4 in Unarmed Combat
  1421 | D:3      | Found a shimmering altar of Xom.
  1422 | D:3      | Found a basalt altar of Yredelemnul.
  1425 | D:3      | Reached XP level 4. HP: 25/31 MP: 4/4
  1442 | D:3      | Found an iron altar of Okawaru.
  1446 | D:3      | Found a shadowy altar of Dithmenos.
  1595 | D:2      | Slain by an orc wizard

Illustrated notes

Levels and vault maps discovered:
D:1:      shiori_arrival_maze, layout_rooms, chequers_serial_rivers_micro_a,
          chequers_serial_rivers_large_a
D:2:      layout_loops_ring, basic_altar
D:3:      cheibrodos_pilgrimage, layout_basic, minitemple

Skill      XL: |  1  2  3 |
---------------+----------+-----
Unarmed Combat | 3 4 |  4.3
Fighting       | |  3.0
Dodging        | |  3.0
Shields        | |  3.0

Action                     |  1- 3 |  4- 6 || total
---------------------------+-------+-------++-------
  Melee: Unarmed           |    85 |    20 ||   105
         Constrict         |    20 |     4 ||    24
         Tentacles         |    13 |     4 ||    17
         Punch             |     1 |     1 ||     2
    Use: Scroll            |       |     4 ||     4
   Stab: Sleeping          |    10 |       ||    10
 Armour: Skin              |     3 |     1 ||     4
  Dodge: Dodged            |    46 |     5 ||    51
  Block: Buckler           |    14 |     2 ||    16

Table legend: (Time is in decaauts)
 A = Elapsed time spent in this place.
 B = Non-inter-level travel time spent in this place.
 C = Inter-level travel time spent in this place.
 D = Time resting spent in this place.
 E = Time spent auto-exploring this place.
 F = Levels seen in this place.
 G = Mean time per level.
                   A        B        C        D        E       F      G
               +--------+--------+--------+--------+--------+-----+--------+
         Total |   1592 |   1574 |     18 |      0 |   1199 |   3 |  530.7 |
       Dungeon |   1592 |   1574 |     18 |      0 |   1199 |   3 |  530.7 |
               +--------+--------+--------+--------+--------+-----+--------+

Top non-repeatable levels by time:
     D:2: 690 daAuts
     D:3: 620 daAuts
     D:1: 282 daAuts
